 Dungeon Crawl Stone Soup version 0.28-a0-850-g09de17f5b5 (webtiles) character file.

Game seed: 4936199854042743145

42 BinkBink the Firebug (level 3, -4/19 HPs)
             Began as a Deep Elf Fire Elementalist on Nov 14, 2021.
             Slain by Terence (9 damage)
             ... on level 1 of the Dungeon.
             The game lasted 00:02:48 (1233 turns).

BinkBink the Firebug (Deep Elf Fire Elementalist)   Turns: 1233, Time: 00:02:49

Health: -4/19      AC:  2    Str:  5    XL:     3   Next: 35%
Magic:  0/10       EV: 13    Int: 20    God:
Gold:   7          SH:  0    Dex: 15    Spells: 8/9 levels left

rFire   . . .      SeeInvis .   (no weapon)
rCold   . . .      Faith    .   (no shield)
rNeg    . . .      Spirit   .   a - +0 robe
rPois   .          Reflect  .   (no helmet)
rElec   .          Harm     .   (no cloak)
rCorr   .          Rampage  .   (no gloves)
Will    .....                   (no boots)
Stlth   ++........              (no amulet)
HPRegen 0.06/turn               (no ring)
MPRegen 0.12/turn               (no ring)

@: no status effects
A: no striking features
a: no special abilities


You were on level 1 of the Dungeon.
You visited 1 branch of the dungeon, and saw 2 of its levels.

You collected 7 gold pieces.

Inventory:

Armour
 a - a +0 robe (worn)
Jewellery
 b - an amulet of faith
Scrolls
 d - a scroll of identify {unknown}


   Skills:
 + Level 2.9 Dodging
 + Level 2.5 Stealth
 + Level 3.7 Spellcasting
 + Level 1.4 Conjurations
 + Level 4.1 Fire Magic


You had 8 spell levels left.
You knew the following spells:

 Your Spells              Type           Power      Damage    Failure   Level
a - Foxfire               Conj/Fire      56%        2x1d6     4%          1

Your spell library contained the following spells:

 Spells                   Type           Power      Damage    Failure   Level
 Scorch                   Fire           40%        2d7       3%          2
 Conjure Flame            Conj/Fire      14%        6-21      13%         3
 Inner Flame              Hex/Fire       12%        N/A       17%         3
 Flame Wave               Conj/Fire      14%        3d5       38%         4


Dungeon Overview and Level Annotations

Branches:
Dungeon (2/15)

Altars:

Annotations:
D:1 Terence


Message History

The foxfire hits Terence but does no damage.
Terence is heavily wounded.
The foxfire hits Terence.
Terence is severely wounded.
Terence barely misses you.
Casting: Foxfire (safe; 4% risk of failure)
Confirm with . or Enter, or press ? or * to list all spells.
You conjure some foxfire!
The foxfire hits Terence.
Terence is severely wounded.
The foxfire hits Terence.
Terence is severely wounded.
Terence hits you but does no damage.
Casting: Foxfire (safe; 4% risk of failure)
Confirm with . or Enter, or press ? or * to list all spells.
You conjure some foxfire!
The foxfire hits Terence.
Terence is almost dead.
The foxfire hits Terence but does no damage.
Terence is almost dead.
Terence barely misses you.
Casting: Foxfire (safe; 4% risk of failure)
Confirm with . or Enter, or press ? or * to list all spells.
You conjure some foxfire!
The foxfire hits Terence but does no damage.
Terence is almost dead.
The foxfire hits Terence but does no damage.
Terence is almost dead.
Terence barely misses you.
Casting: Foxfire (safe; 4% risk of failure)
Confirm with . or Enter, or press ? or * to list all spells.
You don't have enough magic to cast this spell.
You aren't carrying any potions.
As you read the scroll labelled USTROA FECIGG, it crumbles to dust.
The creatures around you are filled with an inner flame!
It was a scroll of immolation.
The foxfire hits Terence but does no damage.
Terence is almost dead.
The foxfire hits Terence but does no damage.
Terence is almost dead.
Terence hits you with a +0 mace!
You die...

#...##########
#....####.....
#....#........
#....#........
#....#........
#....#........
#########....#........
#...ยงยง.......#.....'#.
#....@.......######'#.
#....@.......# #.....
#............# #.....
#.......)...## #.....
#...........# #.....
#...........# #.....
#...........#####.....
#.....................
###.....................


You could see Terence (inner flame).

Vanquished Creatures
  A gnoll (D:1)
  4 ball pythons (D:1)
  4 endoplasms (D:1)
  A giant cockroach (D:1)
  2 goblins (D:1)
  4 hobgoblins (D:1)
  3 jackals (D:1)
  4 kobolds (D:1)
  A quokka (D:1)
  2 bats
  2 frilled lizards (D:1)
28 creatures vanquished.

Vanquished Creatures (others)
  123 foxfires
123 creatures vanquished.

Grand Total: 151 creatures vanquished

Notes
Turn   | Place    | Note
-------+----------+-------------------------------------------
     0 | D:1      | BinkBink the Deep Elf Fire Elementalist began the quest for
                  | the Orb.
     0 | D:1      | Reached XP level 1. HP: 10/10 MP: 6/6
    58 | D:1      | Reached XP level 2. HP: 15/15 MP: 2/8
   279 | D:1      | Found a faded altar of an unknown god.
   391 | D:1      | Reached skill level 4 in Fire Magic
   643 | D:1      | Reached XP level 3. HP: 19/19 MP: 5/9
  1120 | D:2      | Noticed Terence
  1233 | D:1      | Slain by Terence

Illustrated notes

Levels and vault maps discovered:
D:1:      matt_arrival_grand_opening, layout_basic,
          shapermc_ecumenical_altar_notcrosses, minmay_misc_feat_room
D:2:      layout_loops_ring, basic_altar, uniq_terence

Skill      XL: |  1  2 |
---------------+-------+-----
Fire Magic     | 4 |  4.1
Dodging        | |  2.9
Stealth        | |  2.5
Spellcasting   | |  3.7
Conjurations   | |  1.4

Action                   || total
-------------------------++-------
 Cast: Foxfire           ||    73
  Use: Scroll            ||     1
Armor: Robe              ||     2
Dodge: Dodged            ||    13

Table legend: (Time is in decaauts)
 A = Elapsed time spent in this place.
 B = Non-inter-level travel time spent in this place.
 C = Inter-level travel time spent in this place.
 D = Time resting spent in this place.
 E = Time spent auto-exploring this place.
 F = Levels seen in this place.
 G = Mean time per level.
                   A        B        C        D        E       F      G
               +--------+--------+--------+--------+--------+-----+--------+
         Total |   1233 |   1222 |     11 |      0 |    994 |   2 |  616.5 |
       Dungeon |   1233 |   1222 |     11 |      0 |    994 |   2 |  616.5 |
               +--------+--------+--------+--------+--------+-----+--------+

Top non-repeatable levels by time:
     D:1: 1154 daAuts
     D:2: 78 daAuts
